 Dungeon Crawl Stone Soup version 0.29.1-12-g30fa7ad0bf (webtiles) character file.

Game seed: 5600810003294999174

21 H0rd4k the Charlatan (level 2, -3/16 (19) HPs)
             Began as an Octopode Artificer on Dec 15, 2022.
             Slain by Terence
             ... wielding a +1 flail of draining
              (7 damage)
             ... on level 2 of the Dungeon.
             The game lasted 00:00:34 (1306 turns).

H0rd4k the Charlatan (Octopode Artificer)           Turns: 1306, Time: 00:00:36

HP:   -3/16 (19)    AC:  1    Str: 11    XL:     2   Next: 83%
MP:   3/3           EV: 13    Int: 13    God:
Gold: 79            SH:  0    Dex: 12    Spells: 3/3 levels left

rFire   . . .      SeeInvis .   (no weapon)
rCold   . . .      Faith    .   (no shield)
rNeg    . . .      Spirit   .   (helmet restricted)
rPois   .          Reflect  .   (no amulet)
rElec   .          Harm     .   (no ring)
rCorr   .          Rampage  .   (no ring)
Will    .....                   (no ring)
Stlth   +++.......              (no ring)
HPRegen 0.05/turn               (no ring)
MPRegen 0.08/turn               (no ring)
                                (no ring)
                                (no ring)

@: heavily drained
A: almost no armour, amphibious, 8 rings, camouflage 1, gelatinous body 1,
(nimble swimmer 1), tentacles
a: no special abilities


You were on level 2 of the Dungeon.
You visited 1 branch of the dungeon, and saw 2 of its levels.

You collected 79 gold pieces.

Inventory:

Wands
 b - a wand of flame (15) (quivered)
 c - a wand of charming (15)
 d - a wand of iceblast (5)
Scrolls
 a - 3 scrolls of identify {unknown}
 f - a scroll of silence {unknown}
 g - a scroll of summoning {unknown}
 h - a scroll of noise {unknown}
Potions
 e - a potion of resistance {unknown}


   Skills:
 * Level 1.9 Fighting
 - Level 2.3 Dodging
 - Level 1.3 Stealth
 + Level 0.5 Unarmed Combat
 * Level 1.2 Spellcasting
 - Level 3.2 Evocations


You had 3 spell levels left.
You didn't know any spells.
Your spell library contained the following spells:

 Spells                   Type           Power      Damage    Failure   Level
 Call Canine Familiar     Summ           0%         N/A       63%         3
 Gell's Gravitas          Tloc           0%         N/A       63%         3
 Portal Projectile        Hex/Tloc       0%         N/A       63%         3
 Teleport Other           Tloc           0%         N/A       63%         3
 Leda's Liquefaction      Hex/Erth       0%         N/A       95%         4
 Dispersal                Tloc           0%         N/A       100%        6


Dungeon Overview and Level Annotations

Branches:
Dungeon (2/15)

Altars:

Annotations:
D:2 Terence


Innate Abilities, Weirdness & Mutations

You cannot wear most types of armour.
You are amphibious.
You can wear up to eight rings at the same time.
Your skin changes colour to match your surroundings (Stealth+).
Your rubbery body absorbs attacks. (AC +1, EV +1)
((You are camouflaged when in or above water. (Stealth+)))
You have tentacles for arms and can constrict up to eight enemies at once.


Message History

The bat hits you.
A bat is nearby!
You tentacle-slap the bat but do no damage.
Your grab misses the bat.
The bat is heavily wounded.
The bat closely misses you. The bat barely misses you.
You tentacle-slap the bat.
You kill the bat!
No target in view!
HP restored.
There is a stone staircase leading up here.
You see here a bat corpse.
You pick up a book of the Hunter and begin reading...
You add the spells Call Canine Familiar, Portal Projectile and Leda's Liquefaction to your library.
No target in view!
Found a whip.
h - a scroll labelled LUEROSCHOZI No target in view!
a - 3 scrolls labelled ERUN EN JAALIWKI (gained 1)
You open the door.
Terence the Incautious comes into view.
He is wielding a +1 flail of draining.
Terence shouts!
There is an open door here.
Terence is nearby!
You barely miss Terence. Your grab misses Terence.
Terence hits you with a +1 flail of draining.
You feel drained.
Terence is nearby!
You tentacle-slap Terence but do no damage.
You grab Terence. You squeeze Terence, but do no damage.
You constrict Terence, but do no damage.
Terence hits you with a +1 flail of draining!
You feel drained.
* * * LOW HITPOINT WARNING * * *
Terence is nearby!
You are too injured to fight recklessly!
Terence is nearby!
You release your grip on Terence.
Terence attacks as you move away!
Terence hits you with a +1 flail of draining!
You die...

#.....##.....#.#####.#
#.....###.........##.#
#.....<...........##.#
#......#..........##.######
.............................
.....#..................)####
....#######..............#
#... ##.............# ###
#@###.........#
#...@.####.......# #.....#
#.......# #.....# #.......#
.......# ######### #.......#
##......# #.######


You could see Terence.

Vanquished Creatures
  A dart slug (D:1)
  2 bats
  2 endoplasms (D:1)
  2 goblins (D:1)
  A quokka (D:1)
  2 ball pythons (D:1)
  3 frilled lizards (D:1)
  A kobold (D:1)
  5 rats (D:1)
19 creatures vanquished.

Notes
Turn   | Place    | Note
-------+----------+-------------------------------------------
     0 | D:1      | H0rd4k the Octopode Artificer began the quest for the Orb.
     0 | D:1      | Reached XP level 1. HP: 13/13 MP: 1/1
   255 | D:1      | Reached XP level 2. HP: 12/18 MP: 3/3
   581 | D:1      | Reached skill level 1 in Spellcasting
  1181 | D:1      | Found a faded altar of an unknown god.
  1302 | D:2      | Noticed Terence
  1306 | D:2      | Slain by Terence

Illustrated notes

Levels and vault maps discovered:
D:1:      wander_arrival_chamber, layout_basic,
          chequers_ecumenical_altar_simple_redux, minmay_tetromino_t2
D:2:      kennysheep_the_goblin_king, layout_basic, uniq_terence

Skill      XL: |  1  2 |
---------------+-------+-----
Spellcasting   | 1 |  1.2
Fighting       | |  1.9
Dodging        | |  2.3
Stealth        | |  1.3
Unarmed Combat | |  0.5
Evocations     | |  3.2

Action                   || total
-------------------------++-------
Melee: Unarmed           ||    43
       Constrict         ||    12
       Tentacles         ||     7
       Club              ||     3
 Stab: Sleeping          ||     6
Armor: Skin              ||     1
Dodge: Dodged            ||    29
